 Dungeon Crawl Stone Soup version 0.17-a0-1132-g5dd4065 (console) character file.

4536 Monkaria the Carver (level 10, -3/127 HPs)
             Began as a Demonspawn Chaos Knight on May 25, 2015.
             Killed by divine providence
             ... invoked by an orc priest
              (12 damage)
             ... on level 9 of the Dungeon.
             The game lasted 00:25:56 (9370 turns).

Monkaria the Carver (Demonspawn Chaos Knight)       Turns: 9370, Time: 00:25:57

Health: -3/127     AC: 25    Str: 15    XL:     10   Next: 17%
Magic:  10/10      EV:  4    Int: 14    God:    Xom [..*...]
Gold:   253        SH:  0    Dex: 13    Spells: 0 memorised, 9 levels left

rFire  + . .     SeeInvis .     m - +2 falchion (slice)
rCold  . . .     Clarity  .     (armour currently unavailable)
rNeg   + + +     SustAt   .     (no shield)
rPois  +         Gourm    .     (helmet currently unavailable)
rElec  .         Spirit   .     (cloak currently unavailable)
rCorr  .         Warding  .     (gloves currently unavailable)
rMut   .         NoTele   +     (boots currently unavailable)
MR     .....                    (no amulet)
Stlth  ++........               H - ring of positive energy
                                J - ring of protection from fire

@: confused, tree-form, not resistant to hostile enchantments, unstealthy
A: (horns 0), repulsion field 1, demonic guardian 1, nightstalker 1
a: Renounce Religion


You were on level 9 of the Dungeon.
You worshipped Xom.
You were a toy of Xom.
You were hungry.
You were a tree.
You visited 2 branches of the dungeon, and saw 10 of its levels.

You collected 333 gold pieces.
You spent 80 gold pieces at shops.

Inventory:

Hand weapons
 a - a +1 falchion of chaos
 h - a +2 vampiric falchion
 j - a +0 dagger of electrocution
 m - a +2 falchion of slicing (weapon)
 R - a +0 scimitar
Missiles
 l - 32 poisoned needles
 n - 7 tomahawks (quivered)
 F - 3 needles of slowing
 S - an exploding tomahawk
Armour
 b - a +2 leather armour
 e - a +0 cloak (melded)
 g - a +1 hat (melded)
 D - a +0 ring mail (melded)
 P - a steam dragon hide
 Y - a cursed +0 pair of boots (melded)
Magical staves
 f - an uncursed staff of death
Jewellery
 o - an uncursed ring of stealth
 q - an uncursed ring of sustain attributes
 w - an uncursed ring of teleportation
 x - an uncursed ring of wizardry
 H - a ring of positive energy (right branch)
 J - a ring of protection from fire (left branch)
Magical devices
 u - a wand of confusion (31)
 A - a wand of magic darts (9)
 E - a wand of confusion (33)
 O - a wand of magic darts (32)
 T - a wand of frost (25)
 V - a wand of magic darts (17)
Scrolls
 p - a scroll of enchant weapon
 r - 2 scrolls of teleportation
 t - a scroll of remove curse
 y - a scroll of brand weapon
 z - a scroll of vulnerability {unknown}
 C - a scroll of magic mapping {unknown}
 G - 3 scrolls of blinking {unknown}
 I - a scroll of summoning {unknown}
 M - a scroll of fear {unknown}
Potions
 d - 3 potions of might
 i - 2 potions of curing
 v - 2 potions of resistance
 B - a potion of magic
 K - a potion of brilliance
 Z - a potion of haste {unknown}
Books
 N - a book of Death

   Spells                             Type                      Level
   a - Corpse Rot                     Necromancy                   2
   b - Sublimation of Blood           Necromancy                   2
   c - Agony                          Necromancy                   5
   d - Dispel Undead                  Necromancy                   5
   e - Excruciating Wounds            Charms/Necromancy            5
   f - Bolt of Draining               Conjuration/Necromancy       5
 Q - a book of Ice

   Spells                             Type                      Level
   a - Ice Form                       Ice/Transmutation            4
   b - Metabolic Englaciation         Hexes/Ice                    5
   c - Ozocubu's Refrigeration        Ice                          6
   d - Bolt of Cold                   Conjuration/Ice              6
   e - Freezing Cloud                 Conjuration/Ice/Air          6
   f - Simulacrum                     Ice/Necromancy               6
 U - a book of Beasts

   Spells                             Type                      Level
   a - Summon Butterflies             Summoning                    1
   b - Call Canine Familiar           Summoning                    3
   c - Summon Ice Beast               Ice/Summoning                4
   d - Summon Mana Viper              Hexes/Summoning              5
   e - Summon Hydra                   Summoning                    7
Comestibles
 c - 10 bread rations
 k - 9 fruits
 s - 4 meat rations
 X - 3 chunks of flesh


   Skills:
 - Level 10.0 Fighting
 - Level 10.1 Long Blades
 + Level 4.3 Armour
 - Level 0.8 Dodging


You had 9 spell levels left.
You didn't know any spells.

Dungeon Overview and Level Annotations

Branches:
Dungeon (9/15)             Temple (1/1) D:5
   Lair: D:8-11         Orc: D:9-12

Altars:
Ashenzari
Cheibriados
Dithmenos
Elyvilon
Fedhas
Gozag
Kikubaaqudgha
Makhleb
Okawaru
Qazlal
Ru
Sif Muna
Trog
Vehumet
Xom
Yredelemnul
Zin
The Shining One

Shops:
D:4 !


Innate Abilities, Weirdness & Mutations

((You have a pair of horns on your head.))
You are surrounded by a mild repulsion field (EV +2).
A weak demonic guardian rushes to your aid.
You are slightly more attuned to the shadows.


Message History

The warg bites you.
* * * LOW HITPOINT WARNING * * *
The orc priest barely misses your ufetubus.
An orc priest comes into view. It is wielding a trident.
What do you say? t - Shout!
Orders for allies: a - Attack new target. p - Attack previous target. r - Retreat! s - Stop attacking. w - Wait here. f - Follow me.
Anything else - Stay silent.
Okay, then.
Drink which item? (? for menu, Esc to quit)
You turn into a tree.
Your +0 cloak melds into your body.
Your +1 hat melds into your body.
Your cursed +0 pair of boots melds into your body.
Your +0 ring mail melds into your body.
Your roots penetrate the ground.
Your ufetubus hits the orc priest. x2
The orc priest mumbles some strange prayers to Beogh against you.
Something smites you!
You die...

#........# #.# ... ...
#.######## #.# ... .. #.# #.#
#o... #)# #.# #o#. #.# ######.#
#.. #.# #...##.# #.# # #.#
#.#.##.# #.# # #.# ####.#....#
#.# #
#.######....#..♣h########.# #
#....>...#######5oo..o.o.># #
########....#....#######.)######
.>...#.).)#######(.......
#####.#...................
#...............######
###..####.##.##.# #..# #.##.##.#
#..# #...#.##.# #


You could see a warg, 2 orc priests, an orc and a friendly ufetubus.

Vanquished Creatures
  A hill giant (D:9)
  Psyche (D:9)
  A centaur skeleton (D:8)
  A steam dragon (D:9)
  2 wargs (D:9)
  A phantom (D:5)
  3 orc warriors
  7 ogres
  A centaur (D:5)
  A big kobold (D:6)
  4 giant frogs
  A water moccasin skeleton (D:7)
  4 scorpions
  4 hounds
  A centaur zombie (D:5)
  3 crimson imps
  An iron imp (D:7)
  2 jellies
  5 orc priests
  A giant frog skeleton (D:5)
  6 orc wizards
  4 worker ants
  2 iguanas
  A killer bee zombie (D:7)
  A hound zombie (D:6)
  A mummy (D:8)
  9 adders
  A river rat (D:4)
  A white imp (D:3)
  An ufetubus (D:7)
  2 adder skeletons (D:8)
  2 adder zombies
  2 worms
  8 giant geckos
  41 orcs
  A bat zombie (D:7)
  17 hobgoblins
  7 jackals
  A quokka (D:8)
  4 ball pythons
  12 bats
  4 giant cockroaches
  A giant gecko skeleton (D:5)
  A giant gecko zombie (D:8)
  4 giant newts
  12 goblins
  A jackal zombie (D:9)
  14 kobolds
  3 kobold zombies (D:8)
  An orc zombie (D:8)
  3 quokka skeletons (D:4)
  20 rats
233 creatures vanquished.

Vanquished Creatures (collateral kills)
  Pikel (D:8)
  A spriggan (D:7)
  3 slaves (D:8)
  A hound (D:7)
  An orc wizard (D:4)
  An adder (D:8)
  An ufetubus (D:7)
  7 orcs
  A jackal (D:4)
  A goblin (D:9)
  A rat (D:5)
19 creatures vanquished.

Vanquished Creatures (others)
  7 crimson imps
  6 quasits
  6 iron imps
  An orc wizard (D:5)
  10 white imps
  6 ufetubi
  An orc (D:6)
  A quokka (D:4)
  A rat (D:8)
39 creatures vanquished.

Grand Total: 291 creatures vanquished

Notes
Turn   | Place    | Note
--------------------------------------------------------------
     0 | D:1      | Monkaria the Demonspawn Chaos Knight began the quest for the Orb.
     0 | D:1      | Reached XP level 1. HP: 18/18 MP: 1/1
   248 | D:1      | Gained mutation: You have a pair of small horns on your head. [demonic ancestry]
   248 | D:1      | Reached XP level 2. HP: 2/24 MP: 2/2
   392 | D:1      | XOM: divination: detect creatures
   533 | D:1      | XOM: divination: detect items
   608 | D:1      | XOM: silly message
  1050 | D:2      | XOM: potion effect (berserk rage)
  1061 | D:2      | Gained mutation: A weak demonic guardian rushes to your aid. [demonic ancestry]
  1061 | D:2      | Reached XP level 3. HP: 27/29 MP: 3/3
  1387 | D:2      | XOM: god gift: 13 arrows of flame
  1438 | D:3      | XOM: stealth player
  1537 | D:3      | Reached skill level 4 in Long Blades
  1583 | D:3      | XOM: mild Summ miscast
  1589 | D:3      | XOM: summons 2 friendly demons
  1599 | D:3      | Reached XP level 4. HP: 16/35 MP: 4/4
  1743 | D:3      | XOM: harmless Chrm miscast
  1853 | D:3      | XOM: divination: detect creatures
  1933 | D:3      | Found an iron altar of Okawaru.
  1993 | D:3      | XOM: cast spell 'Blink'
  2095 | D:4      | Found Parineok's Distillery.
  2104 | D:4      | Bought a potion of heal wounds for 50 gold pieces
  2104 | D:4      | Bought a potion of curing for 30 gold pieces
  2109 | D:4      | XOM: butterfly on damage
  2121 | D:4      | Reached skill level 5 in Long Blades
  2121 | D:4      | Reached XP level 5. HP: 18/41 MP: 5/5
  2270 | D:4      | Noticed an ogre
  2276 | D:4      | XOM: cast spell 'Cause Fear'
  2298 | D:4      | XOM: smoke on damage
  2301 | D:4      | Killed an ogre
  2426 | D:4      | Found a white marble altar of Elyvilon.
  2492 | D:4      | Gained mutation: You are slightly more attuned to the shadows. [demonic ancestry]
  2492 | D:4      | Reached XP level 6. HP: 32/47 MP: 6/6
  2539 | D:4      | Found an opulent altar of Gozag.
  2871 | D:4      | XOM: medium Hex miscast
  2912 | D:4      | Reached skill level 6 in Long Blades
  2912 | D:4      | XOM: smoke on damage
  3014 | D:5      | Entered Level 5 of the Dungeon
  3064 | D:5      | XOM: harmless Necr miscast
  3077 | D:5      | HP: 2/47 [jackal (2)]
  3165 | D:5      | XOM: mild Ice miscast
  3303 | D:5      | XOM: colour smoke trail
  3334 | D:5      | Found a blossoming altar of Fedhas.
  3354 | D:5      | XOM: smoke on damage
  3355 | D:5      | Reached skill level 7 in Long Blades
  3375 | D:5      | XOM: potion effect (agility)
  3382 | D:5      | Reached XP level 7. HP: 44/52 MP: 7/7
  3392 | D:5      | Found a staircase to the Ecumenical Temple.
  3404 | D:5      | XOM: divination: detect creatures
  3464 | Temple   | Entered the Ecumenical Temple
  3648 | D:5      | XOM: mild Ice miscast
  3654 | D:5      | Reached skill level 8 in Long Blades
  3655 | D:5      | XOM: chaos upgrade
  3816 | D:5      | XOM: 7-stop teleportation journey
  4147 | D:6      | Reached XP level 8. HP: 36/58 MP: 8/8
  4194 | D:6      | Found a glowing silver altar of Zin.
  4200 | D:6      | Noticed an angel
  4203 | D:6      | Found a shimmering altar of Xom.
  4214 | D:6      | Reached skill level 9 in Long Blades
  4781 | D:7      | XOM: summons 4 hostile demons
  4815 | D:7      | HP: 2/58 [spriggan baker/dagger (11)]
  4817 | D:7      | XOM: polymorph crimson imp -> quasit
  4877 | D:7      | Reached skill level 10 in Long Blades
  5067 | D:7      | Found an iron altar of Okawaru.
  5079 | D:7      | XOM: enchant monster (bad)
  5092 | D:7      | HP: 3/60 [orc priest/divine providence (10)]
  5094 | D:7      | HP: 1/60 [orc priest/divine providence (13)]
  5117 | D:7      | XOM: cast spell 'Olgreb's Toxic Radiance'
  5264 | D:8      | XOM: noise
  5323 | D:8      | Noticed Psyche
  5358 | D:8      | XOM: summons 4 hostile shadow creatures
  5361 | D:8      | XOM: chaos cloud
  5363 | D:8      | Noticed a centaur skeleton
  5546 | D:8      | Killed a centaur skeleton
  5546 | D:8      | Reached skill level 5 in Fighting
  5577 | D:8      | XOM: colour smoke trail
  5769 | D:8      | Noticed Pikel
  5775 | D:8      | XOM: divination: detect creatures
  5796 | D:8      | Killed Pikel
  5796 | D:8      | Gained mutation: You have a pair of horns on your head. [demonic ancestry]
  5796 | D:8      | Reached XP level 9. HP: 62/71 MP: 9/9
  5957 | D:8      | XOM: medium Erth miscast
  6404 | D:7      | XOM: chaos cloud
  6598 | D:7      | XOM: mild Pois miscast
  6737 | D:7      | XOM: medium Conj miscast
  6783 | D:7      | XOM: summons 2 friendly demons
  6850 | D:7      | XOM: mild Erth miscast
  7198 | D:6      | XOM: noise
  7264 | D:6      | XOM: chaos cloud
  7872 | D:8      | XOM: harmless Erth miscast
  8147 | D:8      | XOM: harmless Necr miscast
  8687 | D:9      | XOM: silly message
  8692 | D:9      | Found a radiant altar of Vehumet.
  8701 | D:9      | Killed Psyche
  8805 | D:9      | Reached skill level 10 in Fighting
  8967 | D:9      | XOM: divination: detect items
  8981 | D:9      | Noticed a hill giant
  9000 | D:9      | XOM: chaos cloud
  9173 | D:9      | Gained mutation: You are surrounded by a mild repulsion field (EV +2). [demonic ancestry]
  9173 | D:9      | Reached XP level 10. HP: 78/85 MP: 10/10
  9197 | D:9      | XOM: god gift: meat ration
  9324 | D:9      | XOM: divination: detect items
  9326 | D:9      | XOM: divination: detect creatures
  9334 | D:9      | Killed a hill giant
  9345 | D:9      | XOM: divination: detect creatures
  9359 | D:9      | XOM: cast spell 'Stoneskin'
  9362 | D:9      | XOM: cast spell 'Blink'
  9369 | D:9      | HP: 3/85 [warg (5)]
  9370 | D:9      | Killed from afar by an orc priest

Vault maps used:
D:1:      sevenhm_arrival_forest_fort_large_2, minmay_misc_feat_encased
D:3:      okawaru_metal_pillars_1_2
D:4:      grunt_gozag_breadcrumbs, elyvilon_altar_4, portal_sewer_entry_e,
          serial_shops, nicolae_shop_stone
D:5:      minmay_temple_entry_nine_rooms, first_bread, fedhas_altar_3
D:6:      grunt_temple_overflow_order_and_chaos_1, hangedman_decor_opposing,
          minmay_misc_feat_square, kennysheep_generic_room_11
D:7:      basic_altar, grunt_ministairs_8, the_bakery
D:8:      grunt_ministairs_10, minmay_mini_ossuary, uniq_psyche, uniq_pikel
D:9:      vehumet_altar_wand_db, overflow_temple_1_default,
          erik_lair_orcish_takeover
Temple:   nicolae_temple_no_exploring_needed

Action                   |  1- 3 |  4- 6 |  7- 9 | 10-12 || total
-------------------------+-------+-------+-------+-------++-------
Melee: Falchion          |   135 |   177 |   410 |    34 ||   756
Throw: Tomahawk          |       |     2 |       |       ||     2
Evoke: Wand              |       |       |     4 |       ||     4
  Use: Scroll            |       |     6 |     9 |     1 ||    16
       Potion            |       |       |     6 |     2 ||     8
 Stab: Paralysed         |     1 |     1 |     1 |       ||     3
       Sleeping          |     3 |     5 |    11 |       ||    19
       Distracted        |       |     1 |     2 |       ||     3
       Confused          |       |       |     1 |       ||     1
  Eat: Chunk             |     3 |     5 |    17 |       ||    25
       Fruit             |       |       |     2 |       ||     2
       Royal jelly       |       |       |     1 |       ||     1
